 Zot Defence DCSS version 0.15.2 (webtiles) character file.

27336 hexophile the Cleaver (level 13, -7/109 HPs)
             Began as a Mummy Berserker on Jan 26, 2016.
             Was a Believer of Trog.
             Killed by divine providence
             ... invoked by a smoke demon
             ... summoned by a red draconian zealot
             ... summoned by a boggart
              (10 damage)
             ... in the Realm of Zot (Scenario I: Hall of Zot).
             The game lasted 00:05:57 (3488 turns).

hexophile the Cleaver (Mummy Berserker)             Turns: 3488, Time: 00:05:57

HP  -7/109       AC  2     Str 20      XL: 13   Next:  3%
MP  13/13        EV 12     Int  6 (10) God: Trog [**....]
Gold 0           SH  0     Dex 11      Spells:  0 memorised, 12 levels left

rFire  x . .     SeeInvis .     e - +0 arbalest (flame)
rCold  + . .     Clarity  .     b - +0 animal skin
rNeg   + + +     rCorr    .     (no shield)
rPois  +         rRot     +     (no helmet)
rElec  .         Spirit   .     (no cloak)
SustAb .         Warding  .     (no gloves)
rMut   .         Stasis   .     (no boots)
Gourm  .                        (no amulet)
MR     +....                    (no ring)
                                (no ring)

@: somewhat resistant to hostile enchantments, very unstealthy
A: no food or potions, fire vulnerability, in touch with death, restore body,
cold resistance 1, negative energy resistance 3, poison resistance, torment
resistance, unbreathing
a: Make oklob sapling, Make arrow trap, Make plant, Remove Curse, Make burning
bush, Make altar, Make grenades, Make oklob plant, Make net trap, Make ice
statue, Make spear trap, Make alarm trap, Make mushroom circle, Make bolt trap,
Self-Restoration, Burn Spellbooks, Trog's Hand, Renounce Religion


You were in the Realm of Zot.
You worshipped Trog.
Trog was pleased with you.
You were not hungry.

You visited 1 branch


Innate Abilities, Weirdness & Mutations

You do not eat or drink.
Your flesh is vulnerable to fire.
You are in touch with the powers of death.
You can restore your body by infusing magical energy.
Your flesh is cold resistant.
You are immune to negative energy.
Your system is resistant to poisons.
You are immune to unholy pain and torment.
You can survive without breathing.

Inventory:

Hand weapons
 a - a +0 hand axe
 d - a +0 morningstar
 e - a +0 arbalest of flaming (weapon)
Missiles
 c - 13 poisoned needles
 f - 76 bolts (quivered)
 g - 14 bolts of frost
Armour
 b - a +0 animal skin (worn)
Scrolls
 h - a scroll of blinking


You had 12 spell levels left.
You didn't know any spells.


   Skills:
 + Level 12.9 Fighting
 * Level 14.8 Axes
 - Level 1.5 Armour
 - Level 1.5 Dodging

Dungeon Overview and Level Annotations

Branches:
    Zot (1/1)

Altars:

Vault maps used:
Zot:      zotvault
You       could see 3 tentacled monstrosities, 2 golden dragons, a green
          draconian, a purple draconian (berserk), a grey draconian, a pale
          draconian, an ice dragon, a red draconian zealot, a pale draconian
          scorcher, an orange demon, a moth of wrath, an iron devil and a smoke
          demon.


Message History

Something smites you!
Firing (i - inventory. (,) - cycle):
f - 78 bolts (quivered)
Press: ? - help, Shift-Dir - straight line You shoot a bolt.
The bolt hits the red draconian but does no damage.
You feel the effects of Trog's Hand fading.
The boggart casts a spell.
The boggart blinks!
The boggart casts a spell.
The boggart blinks!
The smoke demon gestures at you. Something smites you!
* * * LOW HITPOINT WARNING * * *
The mottled draconian shifter blinks!
Firing (i - inventory. (,) - cycle):
f - 77 bolts (quivered)
Press: ? - help, Shift-Dir - straight line, f - boggart
Aim: a boggart (heavily wounded)
You shoot a bolt. The bolt hits the boggart!!
The bolt burns the boggart.
You kill the boggart!
Trog accepts your kill.
Trog appreciates your killing of a magic user.
The green draconian knight dissolves into shadows!
The red draconian dissolves into shadows!
The mottled draconian shifter dissolves into shadows!
The yellow draconian is no longer berserk.
The yellow draconian dissolves into shadows!
The green draconian dissolves into shadows!
The purple draconian rages.
The smoke demon gestures at you. Something smites you!
* * * LOW HITPOINT WARNING * * *
The smoke demon gestures at you. Something smites you!
* * * LOW HITPOINT WARNING * * *
You hear a roar!
Your skin stops crawling.
You feel less resistant to hostile enchantments.
You see here a bolt.
You see here a bolt.
The moth of wrath angrily waves its antennae.
The purple draconian rages.
You see here a bolt.
The purple draconian rages.
The red draconian zealot invokes the aid of its god against something.
Something smites you!
* * * LOW HITPOINT WARNING * * *
You see here a bolt.
The smoke demon gestures at you. Something smites you!
You die...

Action                   |  1- 3 |  4- 6 |  7- 9 | 10-12 | 13-15 || total
-------------------------+-------+-------+-------+-------+-------++-------
Melee: Hand axe          |    31 |       |   147 |   384 |       ||   562
       Morningstar       |       |       |       |   108 |       ||   108
       Arbalest          |       |       |       |       |     2 ||     2
 Fire: Arbalest          |       |       |       |     7 |    21 ||    28
Invok: Trog's Hand       |       |       |       |     1 |     2 ||     3

Notes
Turn   | Place    | Note
--------------------------------------------------------------
     0 | Zot      | hexophile, the Mummy Berserker, began the quest for the Orb.
     0 | Zot      | Reached XP level 1. HP: 18/18 MP: 1/1
  2266 | Zot      | Noticed a centaur skeleton
  2274 | Zot      | Noticed a big kobold
  2300 | Zot      | Reached XP level 2. HP: 24/24 MP: 2/2
  2326 | Zot      | Killed a centaur skeleton
  2326 | Zot      | Reached skill level 5 in Fighting
  2326 | Zot      | Reached skill level 5 in Axes
  2326 | Zot      | Reached XP level 3. HP: 29/33 MP: 3/3
  2326 | Zot      | Reached XP level 4. HP: 34/39 MP: 4/4
  2326 | Zot      | Reached XP level 5. HP: 38/44 MP: 5/5
  2326 | Zot      | Reached XP level 6. HP: 44/51 MP: 6/6
  2326 | Zot      | Reached XP level 7. HP: 48/56 MP: 7/7
  2329 | Zot      | Killed a big kobold
  2329 | Zot      | Reached skill level 6 in Axes
  2354 | Zot      | Noticed a purple ugly thing
  2354 | Zot      | Noticed a purple ugly thing
  2356 | Zot      | Noticed a purple ugly thing
  2362 | Zot      | Noticed a white ugly thing
  2362 | Zot      | Noticed a white ugly thing
  2362 | Zot      | Noticed a white ugly thing
  2363 | Zot      | Noticed a white ugly thing
  2363 | Zot      | Noticed a white ugly thing
  2366 | Zot      | Noticed a slime creature
  2366 | Zot      | Noticed a slime creature
  2371 | Zot      | Noticed a tarantella
  2373 | Zot      | Noticed a yaktaur
  2376 | Zot      | Noticed a slime creature
  2376 | Zot      | Noticed a slime creature
  2376 | Zot      | Noticed a slime creature
  2376 | Zot      | Noticed a slime creature
  2377 | Zot      | Noticed a slime creature
  2381 | Zot      | Noticed a red ugly thing
  2381 | Zot      | Noticed a red ugly thing
  2381 | Zot      | Noticed a red ugly thing
  2382 | Zot      | Noticed a red ugly thing
  2383 | Zot      | Noticed a red ugly thing
  2397 | Zot      | Noticed a mermaid
  2397 | Zot      | a tarantella changed into a mermaid
  2406 | Zot      | Noticed a draconian
  2406 | Zot      | a mermaid changed into a draconian
  2428 | Zot      | Killed a purple ugly thing
  2428 | Zot      | Reached skill level 6 in Fighting
  2428 | Zot      | Reached skill level 7 in Axes
  2428 | Zot      | Reached XP level 8. HP: 61/65 MP: 8/8
  2462 | Zot      | a draconian changed into a boring beetle
  2466 | Zot      | Killed a slime creature
  2466 | Zot      | Reached skill level 7 in Fighting
  2466 | Zot      | Reached skill level 8 in Axes
  2467 | Zot      | Killed a slime creature
  2467 | Zot      | Reached XP level 9. HP: 54/72 MP: 9/9
  2474 | Zot      | Killed a slime creature
  2474 | Zot      | Reached skill level 9 in Axes
  2483 | Zot      | Killed a green ugly thing
  2483 | Zot      | Reached skill level 8 in Fighting
  2491 | Zot      | Noticed a mana viper
  2491 | Zot      | a wind drake changed into a mana viper
  2493 | Zot      | Noticed a shining eye
  2493 | Zot      | a mana viper changed into a shining eye
  2503 | Zot      | Noticed Jaha
  2503 | Zot      | Noticed a yaktaur
  2503 | Zot      | Noticed a yaktaur
  2514 | Zot      | Noticed an eye of devastation
  2514 | Zot      | a shining eye changed into an eye of devastation
  2522 | Zot      | Killed a yaktaur
  2522 | Zot      | Reached skill level 10 in Axes
  2541 | Zot      | Killed Jaha the yaktaur
  2541 | Zot      | Reached skill level 9 in Fighting
  2541 | Zot      | Reached XP level 10. HP: 33/83 MP: 10/10
  2548 | Zot      | an eye of devastation changed into a torpor snail
  2575 | Zot      | Killed a cyan ugly thing
  2614 | Zot      | Killed a yaktaur
  2614 | Zot      | Reached skill level 11 in Axes
  2644 | Zot      | Killed a green ugly thing
  2644 | Zot      | Reached skill level 10 in Fighting
  2668 | Zot      | Killed a purple ugly thing
  2684 | Zot      | Reached XP level 11. HP: 65/92 MP: 11/11
  2735 | Zot      | Reached skill level 12 in Axes
  2748 | Zot      | Killed a purple ugly thing
  2748 | Zot      | Acquired Trog's second power
  2748 | Zot      | Killed a white ugly thing
  2773 | Zot      | Killed a yaktaur
  2783 | Zot      | Killed a cyan ugly thing
  2783 | Zot      | Reached skill level 11 in Fighting
  2804 | Zot      | Killed a brown ugly thing
  2815 | Zot      | Killed a red ugly thing
  2846 | Zot      | Killed a brown ugly thing
  2846 | Zot      | Reached skill level 13 in Axes
  2855 | Zot      | Killed a slime creature
  2879 | Zot      | Killed a cyan ugly thing
  2895 | Zot      | Killed a slime creature
  2895 | Zot      | Reached XP level 12. HP: 98/100 MP: 12/12
  2911 | Zot      | Killed a red ugly thing
  2922 | Zot      | Killed a slime creature
  2956 | Zot      | Killed a slime creature
  2974 | Zot      | Killed a slime creature
  3172 | Zot      | Noticed a purple very ugly thing
  3172 | Zot      | Noticed a purple very ugly thing
  3208 | Zot      | Killed a red very ugly thing
  3208 | Zot      | Reached skill level 12 in Fighting
  3216 | Zot      | Reached skill level 14 in Axes
  3270 | Zot      | Killed a purple very ugly thing
  3367 | Zot      | Noticed a green draconian shifter
  3367 | Zot      | Noticed a purple draconian monk
  3367 | Zot      | Noticed a pale draconian
  3367 | Zot      | Noticed a black draconian
  3367 | Zot      | Noticed a grey draconian shifter
  3367 | Zot      | Noticed an ice dragon
  3368 | Zot      | Noticed a storm dragon
  3369 | Zot      | Noticed a tentacled monstrosity
  3369 | Zot      | Noticed an electric golem
  3370 | Zot      | Noticed a tentacled monstrosity
  3371 | Zot      | Noticed a tentacled monstrosity
  3372 | Zot      | Noticed a tentacled monstrosity
  3373 | Zot      | Noticed a black draconian
  3373 | Zot      | Noticed an ice dragon
  3373 | Zot      | Noticed a death cob
  3374 | Zot      | Noticed a white draconian
  3374 | Zot      | Noticed a death cob
  3375 | Zot      | Noticed a purple draconian scorcher
  3375 | Zot      | Noticed a green draconian
  3375 | Zot      | Noticed a red draconian
  3375 | Zot      | Noticed a yellow draconian scorcher
  3376 | Zot      | Noticed a purple draconian monk
  3376 | Zot      | Noticed a white draconian knight
  3376 | Zot      | Noticed a mottled draconian
  3376 | Zot      | Noticed a green draconian
  3376 | Zot      | Noticed a yellow draconian
  3377 | Zot      | Noticed an ice dragon
  3377 | Zot      | Noticed a yellow draconian caller
  3377 | Zot      | Noticed a black draconian
  3377 | Zot      | Noticed a grey draconian
  3377 | Zot      | Noticed a grey draconian annihilator
  3377 | Zot      | Noticed an ice dragon
  3377 | Zot      | Noticed a red draconian zealot
  3377 | Zot      | Noticed a green draconian scorcher
  3377 | Zot      | Noticed a purple draconian monk
  3377 | Zot      | Noticed a mottled draconian
  3377 | Zot      | Noticed a red draconian
  3380 | Zot      | Noticed a tentacled monstrosity
  3381 | Zot      | Noticed a fire dragon
  3405 | Zot      | Reached XP level 13. HP: 98/109 MP: 4/13
  3423 | Zot      | Noticed a mottled draconian
  3436 | Zot      | Noticed a green draconian knight
  3436 | Zot      | Noticed a red draconian
  3436 | Zot      | Noticed a mottled draconian shifter
  3436 | Zot      | Noticed a yellow draconian
  3436 | Zot      | Noticed a green draconian
  3436 | Zot      | Noticed a green draconian
  3443 | Zot      | Noticed a tentacled monstrosity
  3444 | Zot      | Noticed a storm dragon
  3446 | Zot      | Noticed a mottled draconian shifter
  3446 | Zot      | Noticed a pale draconian
  3446 | Zot      | Noticed a grey draconian zealot
  3446 | Zot      | Noticed a pale draconian
  3450 | Zot      | Noticed a tentacled monstrosity
  3452 | Zot      | Noticed a golden dragon
  3453 | Zot      | Noticed a golden dragon
  3457 | Zot      | Noticed a tentacled monstrosity
  3457 | Zot      | Noticed a pale draconian scorcher
  3457 | Zot      | Noticed a green draconian
  3457 | Zot      | Noticed a grey draconian
  3457 | Zot      | Noticed a pale draconian
  3457 | Zot      | Noticed a purple draconian
  3458 | Zot      | Noticed a red draconian zealot
  3466 | Zot      | Noticed a tentacled monstrosity
  3486 | Zot      | HP: 2/109 [red draconian zealot/divine providence[a boggart] (14)]
  3488 | Zot      | Killed from afar by a smoke demon

Table legend:
 A = Turns spent in this place as a percentage of turns spent in the entire game.
 B = Non-inter-level travel turns spent in this place as a percentage of non-inter-level travel turns spent in the entire game.
 C = Inter-level travel turns spent in this place as a percentage of turns spent in this place.
 D = Turns resting spent in this place as a percentage of non-inter-level travel turns spent in this place.
 E = Turns spent auto-exploring this place as a percentage of non-inter-level travel turns spent in this place.
 F = Non-inter-level travel turns spent in this place divided by the number of levels of this place that you've seen.
                   A       B       C       D       E      F
               +-------+-------+-------+-------+-------+----------------------
         Total | 100.0 | 100.0 |   0.1 |   3.5 |   0.0 | 1236.0
           Zot | 100.0 | 100.0 |   0.1 |   3.5 |   0.0 | 1236.0
               +-------+-------+-------+-------+-------+----------------------

Table legend:
 A = Kills in this place as a percentage of kills in entire the game.
 B = Kills by you in this place as a percentage of kills by you in the entire game.
 C = Kills by friends in this place as a percentage of kills by friends in the entire game.
 D = Other kills in this place as a percentage of other kills in the entire game.
 E = Experience gained in this place as a percentage of experience gained in the entire game.
 F = Experience gained in this place divided by the number of levels of this place that you have seen.
                   A       B       C       D       E      F
               +-------+-------+-------+-------+-------+----------------------
         Total | 100.0 | 100.0 |  -nan |  -nan | 100.0 | 39052.0
           Zot | 100.0 | 100.0 |  -nan |  -nan | 100.0 | 39052.0
               +-------+-------+-------+-------+-------+----------------------

Vanquished Creatures
  2 very ugly things (Zot)
  17 ugly things (Zot)
  A gargoyle (Zot)
  A centaur skeleton (Zot)
  6 yaktaurs (Zot)
  A troll (shapeshifter) (Zot)
  8 slime creatures (Zot)
  A redback (shapeshifter) (Zot)
  A basilisk (Zot)
  A soldier ant (Zot)
  A human skeleton (Zot)
  6 boggarts (Zot)
  A big kobold (Zot)
  A crimson imp (Zot)
  An iguana (Zot)
  A bat (Zot)
  A hobgoblin (Zot)
  5 kobolds (Zot)
  2 rats (Zot)
58 creatures vanquished.
